 Dungeon Crawl Stone Soup version 0.22-a0-246-gdc04c06 (webtiles) character file.

8922 b5mith the Basher (level 11, -10/153 HPs)
             Began as a Minotaur Berserker on Feb 22, 2018.
             Was a High Priest of Trog.
             Mangled by bombasticus's ghost (18 damage)
             ... on level 11 of the Dungeon.
             The game lasted 00:32:30 (9674 turns).

b5mith the Basher (Minotaur Berserker)              Turns: 9674, Time: 00:32:30

Health: -10/153    AC: 10    Str: 31    XL:     11   Next: 16%
Magic:  0/10       EV: 17    Int:  4    God:    Trog [*****.]
Gold:   629        SH:  4    Dex: 12    Spells: 10/10 levels left

rFire    . . .     SeeInvis .   O - +0 morningstar
rCold    . . .     Gourm    .   D - +1 buckler of Vuimor {Str+3}
rNeg     . . .     Faith    .   J - +0 scale mail
rPois    .         Spirit   +   (helmet restricted)
rElec    .         Reflect  .   (no cloak)
rCorr    .         Harm     .   (no gloves)
MR       +....                  v - +0 pair of boots
Stlth    ..........             G - amulet of guardian spirit
HPRegen  0.35/turn              p - +2 ring of evasion
MPRegen  0.12/turn              N - ring of protection from magic

@: berserking, very quick
A: retaliatory headbutt, horns 2
a: Berserk, Trog's Hand, Brothers in Arms, Renounce Religion


You were on level 11 of the Dungeon.
You worshipped Trog.
Trog was extremely pleased with you.
You were near starving.

You visited 1 branch of the dungeon, and saw 11 of its levels.

You collected 629 gold pieces.

Inventory:

Hand Weapons
 a - a +1 mace
 O - a +0 morningstar (weapon)
Missiles
 h - 269 stones
 r - 15 tomahawks (quivered)
 w - 3 silver tomahawks
 L - 6 silver javelins
Armour
 b - a +0 animal skin
 d - a +0 leather armour
 f - a +0 ring mail
 v - a +0 pair of boots (worn)
 D - the +1 buckler of Vuimor (worn) {Str+3}
   (You found it on level 6 of the Dungeon)

   It affects your strength (+3).
 J - a +0 scale mail (worn)
Jewellery
 p - a +2 ring of evasion (left hand)
 G - an amulet of guardian spirit (around neck)
 N - a ring of protection from magic (right hand)
Wands
 u - a wand of acid (13)
 C - a wand of clouds (4)
Scrolls
 i - a scroll of noise {unknown}
 n - 2 scrolls of magic mapping
 q - 7 scrolls of teleportation
 t - a scroll of amnesia {unknown}
 x - 4 scrolls of remove curse {@r2}
 y - a scroll of enchant armour {unknown}
 A - 2 scrolls of blinking
 E - a scroll of immolation {unknown}
 F - a scroll of fog {unknown}
 I - a scroll of enchant weapon
 M - a scroll of brand weapon {unknown}
 P - a scroll of random uselessness {unknown}
Potions
 e - a potion of lignification {unknown}
 g - a potion of haste {unknown}
 j - 2 potions of curing {@q1}
 k - 2 potions of flight
 m - a potion of berserk rage
 o - a potion of might {unknown}
 s - 2 potions of brilliance
 z - 3 potions of mutation
 B - a potion of magic {unknown}
 H - a potion of resistance {unknown}
 K - a potion of invisibility {unknown}
Comestibles
 c - 13 rations


   Skills:
 + Level 11.0 Fighting
 + Level 11.0 Maces & Flails
 + Level 10.6 Armour
 + Level 9.8 Dodging


You had 10 spell levels left.
You didn't know any spells.

Dungeon Overview and Level Annotations

Branches:
Dungeon (11/15)            Temple (0/1) D:6            Lair (0/6) D:9
    Orc (0/2) D:11

Altars:
Ashenzari
Cheibriados
Dithmenos
Elyvilon
Makhleb
Trog
Uskayaw
Vehumet
Xom
Yredelemnul

Portals:
Sewer: D:5

Annotations:
D:11 bombasticus's ghost, journeyman GrBe


Innate Abilities, Weirdness & Mutations

You reflexively headbutt those who attack you in melee.
You have a pair of horns on your head.


Message History

* * * LOW HITPOINT WARNING * * *
You barely miss bombasticus's ghost.
Bombasticus's ghost is almost destroyed.
Bombasticus's ghost hits you!
* * * LOW HITPOINT WARNING * * *
You feel much better. Bombasticus's ghost hits you!
* * * LOW HITPOINT WARNING * * *
Bombasticus's ghost closely misses you.
A red film seems to cover your vision as you go berserk!
You feel yourself moving faster!
You feel mighty!
You are feeling very hungry.
You are near starving!
You closely miss bombasticus's ghost.
Bombasticus's ghost is almost destroyed.
Bombasticus's ghost hits you!
* * * LOW HITPOINT WARNING * * *
You hit bombasticus's ghost but do no damage.
Bombasticus's ghost is almost destroyed.
Bombasticus's ghost hits you!!
You die...

#.# #.> #.# #.# #.#
#.# #.#########.##
##### .........##..
....# ##.#####.##.#
#..##### #.#
#.##.####......#
#.# #....$..W...#
#.# #..#.####@.##
#.# #..#.# #..#
#..W....!#.. ....#
##.##.##.######.###
#. #[# #.. . ..#
..# .. ..# ..# ..
F.. ..# #..#


You could see bombasticus's ghost.

Vanquished Creatures
  2 two-headed ogres (D:10)
  A deep elf mage (D:8)
  A centaur skeleton (D:10)
  A gargoyle (D:10)
  A hippogriff (D:7)
  A shadow (D:10)
  9 yaks
  A steam dragon (D:11)
  2 hungry ghosts (D:10)
  A water moccasin (D:11)
  2 hell hounds (D:9)
  4 orc warriors
  3 sky beasts
  7 ogres
  2 phantoms
  2 centaurs
  4 ice beasts
  2 big kobolds
  5 bullfrogs
  2 scorpions (D:6)
  7 killer bees
  7 wights
  A howler monkey (D:6)
  A bullfrog zombie (D:7)
  3 crimson imps
  4 orc priests
  3 jellies
  2 bullfrog skeletons
  7 hounds
  An iguana (D:9)
  6 orc wizards
  4 worker ants
  A hound zombie (D:5)
  A hound skeleton (D:5)
  A howler monkey zombie (D:9)
  A gnoll (D:4)
  A howler monkey skeleton (D:5)
  10 adders
  3 shadow imps
  An ooze (D:6)
  An adder skeleton (D:7)
  2 worms (D:2)
  2 dart slugs
  9 leopard geckos
  36 orcs
  A ball python (D:3)
  3 giant cockroaches
  8 hobgoblins
  9 jackals
  7 bats
  4 frilled lizards
  7 goblins
  A jackal zombie (D:5)
  12 kobolds
  A leopard gecko skeleton (D:4)
  A quokka skeleton (D:5)
  5 rats
  A spectral orc (D:2)
228 creatures vanquished.

Notes
Turn   | Place    | Note
-------+----------+-------------------------------------------
     0 | D:1      | b5mith the Minotaur Berserker began the quest for the Orb.
     0 | D:1      | Reached XP level 1. HP: 19/19 MP: 0/0
   178 | D:1      | Reached XP level 2. HP: 25/27 MP: 1/1
   347 | D:1      | Found a shattered altar of Ashenzari.
   532 | D:2      | Reached XP level 3. HP: 33/33 MP: 2/2
   628 | D:2      | Reached ** piety under Trog
   745 | D:2      | Reached XP level 4. HP: 37/40 MP: 3/3
  1146 | D:2      | Found a basalt altar of Yredelemnul.
  1237 | D:3      | Found a bloodstained altar of Trog.
  1648 | D:3      | Reached *** piety under Trog
  2121 | D:4      | Reached XP level 5. HP: 47/47 MP: 4/4
  2305 | D:4      | Noticed a phantom
  2335 | D:4      | Killed a phantom
  2335 | D:4      | Reached skill level 5 in Fighting
  2335 | D:4      | Reached skill level 5 in Maces & Flails
  2583 | D:4      | Reached XP level 6. HP: 51/56 MP: 5/5
  3047 | D:5      | Entered Level 5 of the Dungeon
  3111 | D:5      | Reached skill level 5 in Armour
  3111 | D:5      | Reached XP level 7. HP: 42/62 MP: 6/6
  3508 | D:5      | Found a glowing drain.
  3822 | D:6      | Reached skill level 5 in Dodging
  4290 | D:6      | Found a staircase to the Ecumenical Temple.
  4314 | D:6      | Got an encrusted buckler
  4320 | D:6      | Identified the +1 buckler of Vuimor {Str+3} (You found it on level 6 of the Dungeon)
  4628 | D:7      | Reached XP level 8. HP: 69/71 MP: 7/7
  4678 | D:7      | Noticed a hippogriff
  4687 | D:7      | Killed a hippogriff
  5238 | D:7      | Reached **** piety under Trog
  5777 | D:7      | Found a radiant altar of Vehumet.
  5780 | D:7      | Found a white marble altar of Elyvilon.
  5783 | D:7      | Found a snail-covered altar of Cheibriados.
  5859 | D:8      | Reached XP level 9. HP: 66/81 MP: 3/8
  5888 | D:8      | Noticed a deep elf mage
  6176 | D:8      | Killed a deep elf mage
  7295 | D:9      | Found a burning altar of Makhleb.
  7295 | D:9      | Found a shimmering altar of Xom.
  7345 | D:9      | Found a staircase to the Lair.
  7802 | D:9      | Found a hide-covered altar of Uskayaw.
  7990 | D:9      | Reached XP level 10. HP: 91/91 MP: 9/9
  8210 | D:10     | Entered Level 10 of the Dungeon
  8314 | D:10     | Noticed a two-headed ogre
  8323 | D:10     | Killed a two-headed ogre
  8665 | D:10     | Noticed a gargoyle
  8675 | D:10     | Killed a gargoyle
  8675 | D:10     | Reached skill level 10 in Fighting
  8675 | D:10     | Reached skill level 10 in Maces & Flails
  8778 | D:10     | Reached skill level 10 in Armour
  8780 | D:10     | Reached ***** piety under Trog
  8834 | D:10     | Found a shadowy altar of Dithmenos.
  8861 | D:10     | Noticed a two-headed ogre
  8873 | D:10     | Killed a two-headed ogre
  8957 | D:10     | Reached XP level 11. HP: 83/101 MP: 10/10
  9629 | D:11     | Noticed bombasticus's ghost (journeyman GrBe)
  9632 | D:11     | Found a staircase to the Orcish Mines.
  9667 | D:11     | HP: 2/102 [bombasticus's ghost (12)]
  9673 | D:11     | HP: 7/153 [bombasticus's ghost (15)]
  9674 | D:11     | Mangled by bombasticus's ghost

Vault maps used:
D:1:      zelgadis_glass_arrival_small, evilmike_ruin_ashenzari
D:2:      yredelemnul_forgotten_temple_becter, first_ration, serial_glass,
          glass_columns_c, glass_columns_b
D:3:      lemuel_round_altar, serial_bayou_pond_b, minmay_misc_feat_five,
          grunt_decor_cap, minivault_5
D:4:      hangedman_decor_peaks_small, cheibrodos_gnoll_hut
D:5:      portal_sewer_entry_d
D:6:      minmay_temple_entry_butterflies
D:7:      grunt_temple_overflow_diamond
D:8:      minmay_diamond_stairs, grunt_ogre_cave, minmay_misc_feat_rows
D:9:      grunt_temple_overflow_champion_of_chaos,
          eat_drink_and_be_merry_uskayaw, minmay_lair_entry_lava
D:10:     grunt_dithmenos_smoke
D:11:     dragon1_lemuel, orc_0_dummy

Skill      XL: |  1  2  3  4  5  6  7  8  9 10 11 |
---------------+----------------------------------+-----
Fighting       | 4 5 6 7 9 10 11 | 11.0
Maces & Flails | 4 5 6 7 9 10 11 | 11.0
Armour         | 3 4 5 6 7 9 10 | 10.6
Dodging        | 3 4 5 6 8 9 |  9.8

Action                   |  1- 3 |  4- 6 |  7- 9 | 10-12 || total
-------------------------+-------+-------+-------+-------++-------
Melee: Mace              |    80 |   120 |   282 |    48 ||   530
       Headbutt          |    11 |    21 |    61 |    60 ||   153
       Morningstar       |       |       |       |   152 ||   152
Throw: Stone             |       |    24 |    67 |       ||    91
       Tomahawk          |       |       |     8 |    28 ||    36
Invok: Berserk           |       |       |     4 |     4 ||     8
  Use: Scroll            |     1 |     3 |     6 |     2 ||    12
       Potion            |     1 |     1 |     1 |     5 ||     8
  Eat: Chunk             |       |     4 |     7 |     3 ||    14
       Ration            |       |     1 |     4 |     2 ||     7
Armor: Ring mail         |    32 |     6 |    34 |       ||    72
       Leather armour    |     1 |    14 |       |       ||    15
       Scale mail        |       |       |    58 |    71 ||   129
Dodge: Dodged            |    57 |    94 |   222 |   110 ||   483
Block: Buckler           |       |       |    60 |    26 ||    86

Table legend:
 A = Spawn XP
 B = Non-spawn XP
 C = Spawn XP percentage of total XP
 D = Spawn monster count
 E = Non-spawn monster count
 F = Spawn count percentage of total count
 G = Total turns spent on level
                    A         B        C        D         E        F      G
               +---------+---------+-------+---------+---------+-------+---------
         Total |       0 |   12746 |   0.0 |       0 |     228 |   0.0 |  9674
               +---------+---------+-------+---------+---------+-------+---------
           D:1 |       0 |      25 |   0.0 |       0 |      19 |   0.0 |   489
           D:2 |       0 |      95 |   0.0 |       0 |      27 |   0.0 |   687
           D:3 |       0 |      65 |   0.0 |       0 |      19 |   0.0 |   861
           D:4 |       0 |     370 |   0.0 |       0 |      16 |   0.0 |  1010
           D:5 |       0 |     393 |   0.0 |       0 |      20 |   0.0 |   570
           D:6 |       0 |     590 |   0.0 |       0 |      16 |   0.0 |  1163
           D:7 |       0 |    1113 |   0.0 |       0 |      18 |   0.0 |  1598
           D:8 |       0 |    2246 |   0.0 |       0 |      28 |   0.0 |   763
           D:9 |       0 |     780 |   0.0 |       0 |      17 |   0.0 |  1069
          D:10 |       0 |    5574 |   0.0 |       0 |      32 |   0.0 |   899
          D:11 |       0 |    1495 |   0.0 |       0 |      16 |   0.0 |   565
               +---------+---------+-------+---------+---------+-------+---------
